 Dungeon Crawl Stone Soup version bcrawl-1.36.4 (webtiles) character file.

Game seed: 14346653860374311074

523453 XxPooperXx the Executioner (level 14, -6/122 HPs)
             Began as a Minotaur Berserker on July 30, 2022.
             Was the Champion of Trog.
             Mangled by an orc knight
             ... wielding a +0 battleaxe
              (20 damage)
             ... in the Orcish Mines.
             The game lasted 00:30:00 (19141 turns).

XxPooperXx the Executioner (Minotaur Berserker)    Turns: 19141, Time: 00:30:01

Health: -6/122     AC: 18    Str: 26    XL:     14   Next: 89%
Magic:  13/13      EV: 12    Int:  4    God:    Trog [******]
Gold:   1492       SH:  0    Dex: 11    Spells: 13/13 levels left

rFire    + . .     SeeInvis .   a - +6 battleaxe (elec)
rCold    . . .     Gourm    .   (shield currently unavailable)
rNeg     . . .     Faith    +   X - +1 plate armour
rPois    .         Spirit   .   T - +1 hat
rElec    .         Reflect  .   l - +0 cloak
rCorr    .                      B - +0 pair of gloves
MR       +....                  P - +0 pair of boots
Stlth    ..........             N - amulet of faith
HPRegen  2.00/turn              g - ring of protection from fire
MPRegen  0.13/turn              Q - +2 ring of protection

@: confused, exhausted, regenerating
A: retaliatory headbutt, horns 2
a: Berserk, Trog's Hand, Brothers in Arms, Renounce Religion


You were in the Orcish Mines.
You worshipped Trog.
Trog was exalted by your worship.
You were not hungry.

You visited 4 branches of the dungeon, and saw 19 of its levels.
You also visited: Volcano.

You collected 1492 gold pieces.

Inventory:

Hand Weapons
 a - a +6 battleaxe of electrocution (weapon)
 b - a +2 battleaxe of flaming
 k - a +5 antimagic battleaxe
 E - a +3 antimagic executioner's axe
 S - a +4 scimitar of flaming
 W - the +6 great mace of Checks and Balances {holy, Fragile Str+9 Int-3 Dex+2}
   (You took it off a tengu warrior on level 10 of the Dungeon)

   It has been blessed by the Shining One to cause great damage to the undead
   and demons.
   It affects your strength (+9).
   It affects your intelligence (-3).
   It affects your dexterity (+2).
   It will be destroyed if unequipped.
Missiles
 u - 6 throwing nets (quivered) {=f}
 z - 178 poisoned tomahawks
Armour
 l - a +0 cloak (worn)
 B - a +0 pair of gloves (worn)
 P - a +0 pair of boots (worn)
 T - a +1 hat (worn)
 X - a +1 plate armour (worn)
Jewellery
 c - an uncursed ring of insulation
 g - a ring of protection from fire (left hand)
 D - an uncursed ring of fire
 N - an amulet of faith (around neck)
 Q - a +2 ring of protection (right hand)
Wands
 F - a wand of random effects (23)
 H - a wand of iceblast (15)
 J - a wand of paralysis (8)
 K - a wand of charming (18)
 U - a wand of acid (6)
Scrolls
 f - 5 scrolls of fog
 h - 9 scrolls of remove curse
 i - 15 scrolls of identify
 q - 2 scrolls of fear
 y - 4 scrolls of teleportation
 A - a scroll of blinking {unknown}
 C - 2 scrolls of enchant armour {unknown}
 G - 3 scrolls of enchant weapon {unknown}
 I - 2 scrolls of magic mapping {unknown}
 O - 3 scrolls of amnesia {unknown}
 V - a scroll of summoning {unknown}
 Y - a scroll of acquirement {unknown}
Potions
 d - 2 potions of curing
 j - a potion of haste {unknown}
 m - a potion of invisibility {unknown}
 n - 3 potions of magic {unknown}
 o - a potion of degeneration {unknown}
 p - 2 potions of flight
 r - 3 potions of brilliance {unknown}
 s - 4 potions of might
 t - 3 potions of heal wounds
 v - 2 potions of berserk rage {unknown}
 x - 3 potions of lignification {unknown}
 L - a potion of cancellation
 M - a potion of agility
 R - 2 potions of resistance {unknown}
 Z - a potion of mutation {unknown}
Miscellaneous
 w - a phial of floods
Comestibles
 e - 23 rations {!d}


   Skills:
 - Level 10.8 Fighting
 - Level 1.7 Long Blades
 * Level 21.5 Axes
 - Level 7.0 Throwing
 + Level 2.6 Armour
 + Level 14.9 Dodging


You had 13 spell levels left.
You didn't know any spells.
Your spell library was empty.

Dungeon Overview and Level Annotations

Branches:
Dungeon (11/12)            Temple (1/1) D:5            Lair (6/6) D:8
 Shoals (0/3) Lair:2        Snake (0/3) Lair:3        Slime (0/5) Lair:5
    Orc (1/1) D:10            Elf (0/3) Orc
  Swamp: Lair:2-4    Spider: Lair:2-4    Vaults: D:11-12

Altars:
Ashenzari
Cheibriados
Dithmenos
Elyvilon
Fedhas
Gozag
Hepliaklqana
Kikubaaqudgha
Lugonu
Makhleb
Nemelex Xobeh
Okawaru
Qazlal
Ru
Sif Muna
Trog
Uskayaw
Vehumet
Wu Jian
Xom
Yredelemnul
Zin
The Shining One
Jiyva

Shops:
D:7 %   Orc [

Annotations:
D:4 3 runed translucent doors, BreqofToren's ghost, novice MiFi
Lair:1 exclusion: oklob plant


Innate Abilities, Weirdness & Mutations

You reflexively headbutt those who attack you in melee.
You have a pair of horns on your head.


Message History

You headbutt the orc knight, but do no damage.
The orc knight is lightly wounded.
You hear a shout!
The orc knight hits you with a +0 battleaxe!!
* * * LOW HITPOINT WARNING * * *
The orc wizard points at you and mumbles some strange words.
You are confused.
An orc warlord comes into view. It is wielding a +2 war axe.
Are you sure you want to stumble around while confused and next to your iron troll?
Okay, then.
Are you sure you want to stumble around while confused and next to your iron troll?
Okay, then.
The orc warlord shouts!
You hear a shout! x4
Your iron troll bites the orc!!
The orc dies!
Trog accepts your kill.
The orc priest hits you but does no damage.
An orc warrior comes into view. It is wielding a +0 hand axe.
The orc knight hits you with a +0 battleaxe!!
You die...

##.............................
#.....$..[.........∩.....>....
##...........................#
###.........................#
#.......................#...
#............)).........###.#
#..................#....##.##
............T)....###.......#
###...)@#..### ###.##.##
#....o#.## ###### #8..o8###
#.....# #....o# .o...o..
#........ ..o.o....


You could see an orc warlord, an orc knight, 2 orc warriors, 2 orc wizards, an
orc priest and a friendly iron troll (berserk).

Vanquished Creatures
  The ghost of yrara the Black Belt, a journeyman DsFi of Gozag (D:10)
  A red draconian (Volcano)
  2 fire dragons (Lair:6)
  5 hydras
  Harold (Lair:5)
  Erica (D:8)
  2 vault guards (D:11)
  A two-headed ogre (D:11)
  A tengu warrior (D:10)
  10 death yaks
  Sonja (Lair:5)
  A fire crab (Lair:6)
  A salamander mystic (Volcano)
  An orc knight (Orc)
  5 salamanders (Volcano)
  16 elephants
  A deep elf mage (D:10)
  5 ugly things
  4 black mambas
  A moth of wrath (D:10)
  2 molten gargoyles (Lair:6)
  Joseph (D:8)
  18 cane toads
  3 rime drakes
  An eye of draining (shapeshifter) (D:10)
  9 komodo dragons
  3 polar bears
  A hornet (Lair:6)
  8 trolls
  3 slime creatures
  12 blink frogs
  8 hippogriffs
  Grum (D:8)
  A snapping turtle (Lair:2)
  3 wyverns
  55 yaks
  A hungry ghost (D:10)
  3 steam dragons
  10 basilisks
  5 wargs
  7 nagas (Lair:3)
  9 crocodiles
  Duvessa (D:5)
  9 water moccasins
  4 hell hounds (Lair:6)
  5 porcupines
  3 black bears
  19 orc warriors
  A phantom (D:7)
  3 sky beasts
  2 necrophages
  An ice beast (D:7)
  14 wolves
  2 ogres (D:7)
  11 bullfrogs
  2 centaurs
  A water moccasin zombie (D:5)
  3 scorpions
  Dowan (D:5)
  6 killer bees (D:7)
  2 electric eels
  5 wights (D:9)
  9 orc priests
  4 howler monkeys
  5 lava snakes (Lair:6)
  2 crimson imps
  A quasit (D:6)
  2 hounds
  2 bullfrog skeletons
  Jessica (D:2)
  An iguana (D:11)
  18 orc wizards
  9 worker ants
  2 hound skeletons
  3 gnolls (D:7)
  11 adders
  3 oozes
  3 adder zombies
  An adder skeleton (D:4)
  3 worms
  A leopard gecko (D:3)
  52 orcs
  7 bats
  4 giant cockroaches (D:1)
  7 goblins
  11 hobgoblins
  9 jackals
  11 kobolds
  5 quokkas
  4 frilled lizards
  4 rats
  3 fungi (Lair:6)
  A plant (Lair:3)
519 creatures vanquished.

Vanquished Creatures (collateral kills)
  An orc (Orc)
1 creature vanquished.

Vanquished Creatures (others)
  A salamander (Volcano)
  A steam dragon (D:5)
  A bush (Lair:5)
  10 fungi
  3 plants
16 creatures vanquished.

Grand Total: 536 creatures vanquished

Notes
Turn   | Place    | Note
-------+----------+-------------------------------------------
     0 | D:1      | XxPooperXx the Minotaur Berserker began the quest for the
                  | Orb.
     0 | D:1      | Reached XP level 1. HP: 19/19 MP: 0/0
   264 | D:1      | Reached skill level 4 in Axes
   305 | D:1      | Reached XP level 2. HP: 22/27 MP: 1/1
   543 | D:1      | Reached ** piety under Trog
   889 | D:2      | Noticed Jessica
   894 | D:2      | Killed Jessica
   895 | D:2      | Reached XP level 3. HP: 33/33 MP: 2/2
  1101 | D:2      | Reached XP level 4. HP: 31/40 MP: 3/3
  1161 | D:2      | Reached skill level 5 in Axes
  1633 | D:3      | Reached XP level 5. HP: 36/47 MP: 4/4
  1915 | D:3      | Reached *** piety under Trog
  2710 | D:4      | Reached skill level 6 in Axes
  2895 | D:4      | Reached skill level 5 in Fighting
  2897 | D:4      | Reached XP level 6. HP: 22/56 MP: 5/5
  3132 | D:4      | Found a runed translucent gate.
  3132 | D:4      | Found a runed translucent gate.
  3132 | D:4      | Found a runed translucent gate.
  3133 | D:4      | Noticed BreqofToren's ghost (novice MiFi)
  3331 | D:5      | Entered Level 5 of the Dungeon
  3349 | D:5      | Found a shattered altar of Ashenzari.
  3428 | D:5      | Found a sparkling altar of Nemelex Xobeh.
  3471 | D:5      | Noticed Duvessa
  3471 | D:5      | Noticed Dowan
  3495 | D:5      | Killed Dowan
  3499 | D:5      | Killed Duvessa
  3500 | D:5      | Reached skill level 7 in Axes
  3681 | D:5      | Reached XP level 7. HP: 43/62 MP: 6/6
  3745 | D:5      | Found a staircase to the Ecumenical Temple.
  3783 | Temple   | Entered the Ecumenical Temple
  4103 | D:5      | Noticed a steam dragon
  4104 | D:5      | Noticed a steam dragon
  4113 | D:5      | Killed a steam dragon
  4113 | D:5      | Killed a steam dragon
  4114 | D:5      | Reached skill level 8 in Axes
  4114 | D:5      | Reached skill level 5 in Dodging
  4821 | D:6      | Noticed a hippogriff
  4831 | D:6      | Reached XP level 8. HP: 71/71 MP: 7/7
  4833 | D:6      | Killed a hippogriff
  4834 | D:6      | Reached skill level 9 in Axes
  5049 | D:6      | Reached skill level 10 in Axes
  5056 | D:6      | Reached XP level 9. HP: 81/81 MP: 8/8
  5206 | D:6      | Found a burning altar of Makhleb.
  5480 | D:6      | Reached **** piety under Trog
  5580 | D:7      | Reached skill level 11 in Axes
  5829 | D:7      | Reached skill level 12 in Axes
  5899 | D:7      | Found Kewyxenn's Food Emporium.
  6024 | D:7      | Found a bloodstained altar of Trog.
  6033 | D:7      | Noticed a troll
  6039 | D:7      | Killed a troll
  6040 | D:7      | Reached XP level 10. HP: 91/91 MP: 9/9
  6098 | D:7      | Got a polished hand axe
  6284 | D:8      | Found a staircase to the Lair.
  6376 | D:8      | Reached skill level 13 in Axes
  6459 | D:8      | Noticed Joseph
  6480 | D:8      | Killed Joseph
  6639 | D:8      | Reached skill level 10 in Fighting
  6680 | D:8      | Noticed Erica
  6695 | D:8      | Killed Erica
  6861 | D:8      | Noticed Grum
  6869 | D:8      | Killed Grum
  7157 | D:9      | Reached ***** piety under Trog
  7619 | D:9      | Reached skill level 14 in Axes
  8224 | D:10     | Entered Level 10 of the Dungeon
  8227 | D:10     | Noticed a harpy
  8244 | D:10     | Reached skill level 1 in Long Blades
  8244 | D:10     | Reached XP level 11. HP: 91/101 MP: 3/10
  8342 | D:10     | Noticed a deep elf mage
  8352 | D:10     | Killed a deep elf mage
  8366 | D:10     | Received a gift from Trog
  8490 | D:10     | Found a staircase to the Orcish Mines.
  8643 | D:10     | Identified the +6 great mace of Checks and Balances {holy,
                  | Fragile Str+9 Int-3 Dex+2}
  8643 | D:10     | Noticed a tengu warrior
  8646 | D:10     | Noticed yrara's ghost (journeyman DsFi)
  8654 | D:10     | Found a bloodstained altar of Trog.
  8656 | D:10     | Found a transporter.
  8698 | D:10     | Found a transporter.
  8716 | D:10     | Noticed a brown ugly thing
  8725 | D:10     | Killed a brown ugly thing
  8726 | D:10     | Reached skill level 10 in Dodging
  8783 | D:10     | Found a shimmering blue altar of Sif Muna.
  9102 | D:10     | Noticed a purple ugly thing
  9108 | D:10     | Killed a purple ugly thing
  9109 | D:10     | Reached skill level 15 in Axes
  9233 | D:10     | Noticed a white ugly thing
  9233 | D:10     | Noticed a cyan ugly thing
  9237 | D:10     | Killed a white ugly thing
  9244 | D:10     | Killed a cyan ugly thing
  9281 | Orc      | Entered the Orcish Mines
  9558 | Orc      | Found Bysuxi Nueb's Armour Emporium.
  9584 | Orc      | Noticed an orc knight
  9760 | D:11     | Noticed a deep elf mage
  9780 | D:11     | Noticed a green ugly thing
  9788 | D:11     | Noticed a two-headed ogre
  9792 | D:11     | Killed a green ugly thing
 10008 | Lair:1   | Entered Level 1 of the Lair of Beasts
 10421 | Lair:1   | Noticed an oklob plant
 10730 | Lair:2   | Reached skill level 16 in Axes
 10844 | Lair:2   | Reached XP level 12. HP: 43/108 MP: 11/11
 11177 | Lair:2   | Received a gift from Trog
 11661 | Lair:2   | Found a staircase to the Shoals.
 12084 | Lair:3   | Reached skill level 17 in Axes
 12396 | Lair:3   | Found a staircase to the Snake Pit.
 12897 | Lair:3   | Reached skill level 18 in Axes
 13136 | Lair:4   | Noticed a death yak
 13136 | Lair:4   | Noticed a death yak
 13136 | Lair:4   | Noticed a death yak
 13143 | Lair:4   | Noticed a death yak
 13148 | Lair:4   | Killed a death yak
 13151 | Lair:4   | Killed a death yak
 13157 | Lair:4   | Killed a death yak
 13157 | Lair:4   | Received a gift from Trog
 13157 | Lair:4   | Killed a death yak
 13178 | Lair:4   | Reached XP level 13. HP: 108/115 MP: 12/12
 13681 | Lair:4   | Reached skill level 19 in Axes
 14071 | Lair:4   | Reached skill level 1 in Throwing
 14502 | Lair:5   | Noticed Sonja
 14724 | Lair:5   | Noticed Harold
 14738 | Lair:5   | Killed Harold
 15081 | Lair:5   | Found a shadowy altar of Dithmenos.
 15218 | Lair:5   | Found a viscous altar of Jiyva.
 15218 | Lair:5   | Found a staircase to the Slime Pits.
 15424 | Lair:5   | Killed Sonja
 15502 | Lair:5   | Reached skill level 20 in Axes
 15693 | Lair:6   | Entered Level 6 of the Lair of Beasts
 15819 | Lair:6   | Reached XP level 14. HP: 105/122 MP: 13/13
 15980 | Lair:6   | Found a dark tunnel.
 15985 | Volcano  | Entered a volcano
 16017 | Volcano  | Found a bloodstained altar of Trog.
 16402 | Lair:6   | Reached skill level 5 in Throwing
 16619 | Lair:6   | Reached ****** piety under Trog
 16622 | Lair:6   | Received a gift from Trog
 17713 | Lair:6   | Reached skill level 21 in Axes
 17997 | Lair:6   | Found a large runed door.
 17999 | Lair:6   | Found a large runed door.
 18723 | D:10     | Killed yrara's ghost
 19020 | D:11     | Received a gift from Trog
 19058 | Orc      | Found a staircase to the Elven Halls.
 19140 | Orc      | Noticed an orc warlord
 19141 | Orc      | Mangled by an orc knight

Skill      XL: |  1  2  3  4  5  6  7  8  9 10 11 12 13 14 |
---------------+-------------------------------------------+-----
Axes           | 4 5 6 7 8 10 12 14 16 18 20 21 | 21.5
Fighting       | 4 5 6 8 9 10 | 10.8
Dodging        | 3 4 5 6 8 9 11 12 14 | 14.9
Long Blades    | 1 |  1.7
Throwing       | 4 7 |  7.0
Armour         | |  2.6

Action                   |  1- 3 |  4- 6 |  7- 9 | 10-12 | 13-15 || total
-------------------------+-------+-------+-------+-------+-------++-------
Melee: Hand axe          |    78 |    81 |       |       |       ||   159
       Headbutt          |    14 |    24 |    20 |    68 |    89 ||   215
       War axe           |       |    35 |   152 |     4 |       ||   191
       Battleaxe         |       |       |       |   404 |   395 ||   799
       Executioner's axe |       |       |       |     5 |       ||     5
       Scimitar          |       |       |       |       |     7 ||     7
Throw: Tomahawk          |       |       |       |     5 |       ||     5
Invok: Trog's Hand       |       |     1 |     1 |     6 |     6 ||    14
       Berserk           |       |     1 |     7 |    16 |     9 ||    33
       Brothers in Arms  |       |       |       |       |     1 ||     1
  Use: Scroll            |       |     2 |     1 |       |     2 ||     5
       Potion            |       |       |       |     1 |     5 ||     6
  Eat: Chunk             |     3 |    12 |    13 |    41 |    30 ||    99
       Ration            |       |       |     1 |     2 |     2 ||     5
Armor: Chain mail        |    26 |    72 |    93 |    14 |       ||   205
       Animal skin       |     4 |       |       |       |       ||     4
       Scale mail        |       |       |       |    51 |       ||    51
       Plate armour      |       |       |       |    55 |    67 ||   122
       Fire dragon scale |       |       |       |    38 |    99 ||   137
Dodge: Dodged            |    28 |    59 |    99 |   309 |   265 ||   760
